 Dungeon Crawl Stone Soup version 0.32-a0-290-g598725c5f2 (webtiles) character file.

Game seed: 1839099424559960463

977210 Essalna the Metallomancer (level 27, -12/196 HPs)
             Began as a Gargoyle Earth Elementalist on Feb 12, 2024.
             Was the Champion of Vehumet.
             Mangled by a bennu (13 damage)
             ... on level 2 of the Tomb of the Ancients on Feb 13, 2024.
             The game lasted 05:15:48 (83641 turns).

Essalna the Metallomancer (GrEE)                   Turns: 83641, Time: 05:15:49

Health: -12/196    AC: 45    Str: 24 (25) XL:     27
Magic:  58/73      EV: 13    Int: 45      God:    Vehumet [******]
Gold:   12808      SH: 16    Dex:  8      Spells: 9/65 levels left

rFire   + + +        R - +11 falchion of Qazlal's Generosity {freeze, rF- MP+9 Str+4 Int+6}
rCold   + . .        J - +3 kite shield {rC+}
rNeg    + + .        h - +4 fire dragon scales {Xtahua}
rPois   ∞            e - +1 hat of the Nexus {Fly rF+ Dex-5}
rElec   +            K - scarf of the Bedazzled God {repulsion, *Corrode rN+ Regen+ Dex+4}
rCorr   .            n - +0 pair of gloves {Str+3}
SInv    .            p - +2 pair of boots
Will    ++...        i - amulet of Propriety {RegenMP MP+9} Stlth
                     C - ring of Qyolaps {rF+ rC+ Str+6 Int+6}
HPRegen 1.32/turn    s - ring of magical power
MPRegen 0.83/turn

%: corrode self (3%), repel missiles
@: flying, slowed, studying 2 skills, very slow
A: sickness immunity, AC +20, big wings, negative energy resistance 1,
electricity resistance, torment resistance 1, petrification resistance, claws 1,
clever 1
}: 9/15 runes: serpentine, barnacled, slimy, silver, iron, obsidian, icy, bone,
abyssal
a: Renounce Religion


You were on level 2 of the Tomb of the Ancients.
You worshipped Vehumet.
Vehumet was exalted by your worship.
You visited 17 branches of the dungeon, and saw 82 of its levels.
You visited the Abyss 1 time.
You also visited: Ossuary, Gauntlet and Ice Cave.

You collected 14801 gold pieces.
You spent 1993 gold pieces at shops.

Inventory:

Hand Weapons
 E - the +6 Majin-Bo {spellvamp, MP+6 Int+6}
   (You found it on level 7 of the Iron City of Dis)

   Int+6:     It affects your intelligence (+6).
   MP+6:      It affects your magic capacity (+6).
 R - the +11 falchion of Qazlal's Generosity (weapon) {freeze, rF- MP+9 Str+4 Int+6}
   (You found it on level 2 of the Dungeon)

   Str+4:     It affects your strength (+4).
   Int+6:     It affects your intelligence (+6).
   rF-:       It makes you vulnerable to fire.
   MP+9:      It affects your magic capacity (+9).
Armour
 e - the +1 hat of the Nexus (worn) {Fly rF+ Dex-5}
   (You found it on level 1 of the Snake Pit)

   Dex-5:     It affects your dexterity (-5).
   rF+:       It protects you from fire.
   Fly:       It grants you flight.
 h - +4 fire dragon scales (worn) {Xtahua}
 n - a +0 pair of gloves of strength (worn)
 p - a +2 pair of boots (worn)
 J - a +3 kite shield of cold resistance (worn)
 K - the scarf of the Bedazzled God (worn) {repulsion, *Corrode rN+ Regen+ Dex+4}
   (You found it on level 5 of the Pits of Slime)

   Dex+4:     It affects your dexterity (+4).
   rN+:       It protects you from negative energy.
   Regen+:    It increases your rate of health regeneration.
   *Corrode:  It may corrode you when you take damage.
 P - the +4 robe of Folly {Brill Will-∞ Int+8}
   (You took it off Ereshkigal on level 7 of Tartarus)

   Brill:     It increases the power of your magical spells and halves their MP
   cost (rounding up).
   Will-∞: It reduces your willpower to zero.
   Int+8:     It affects your intelligence (+8).
Magical Staves
 S - a staff of fire
Jewellery
 i - the amulet of Propriety (around neck) {RegenMP MP+9}
   (You found it on level 7 of Tartarus)

   [amulet of magic regeneration]

   RegenMP:   It increases your rate of magic regeneration.
   MP+9:      It affects your magic capacity (+9).
 l - the ring of Yesterday {Fly rPois rC++ Int+2}
   (You took it off Ereshkigal on level 7 of Tartarus)

   [ring of flight]

   Int+2:     It affects your intelligence (+2).
   rC++:      It greatly protects you from cold.
   rPois:     It protects you from poison Fly: It grants you flight.
 s - a ring of magical power (right hand)
 x - the ring "Ziuwk" {rF+ rC- Int+6}
   (You found it on level 7 of the Iron City of Dis)

   [ring of protection from fire]

   Int+6:     It affects your intelligence (+6).
   rF+:       It protects you from fire.
   rC-:       It makes you vulnerable to cold.
 A - the ring of Funulyf {rN+ Int+8}
   (You found it on level 3 of the Crypt)

   [ring of positive energy]

   Int+8:     It affects your intelligence (+8).
   rN+:       It protects you from negative energy.
 C - the ring of Qyolaps (left hand) {rF+ rC+ Str+6 Int+6}
   (You found it on level 5 of the Vaults)

   [ring of strength]

   Str+6:     It affects your strength (+6).
   Int+6:     It affects your intelligence (+6).
   rF+:       It protects you from fire.
   rC+:       It protects you from cold.
 D - a ring of see invisible
 F - a ring of protection from fire
 I - the ring "Oloidiy" {Ice Int+5 Dex-3}
   (You found it in an ice cave)

   [ring of ice]

   Ice:       It enhances your ice magic.
   Int+5:     It affects your intelligence (+5).
   Dex-3:     It affects your dexterity (-3).
   rF-:       It makes you vulnerable to fire.
   rC+:       It protects you from cold.
 L - a ring of protection from cold
 V - a ring of positive energy
 W - the ring of the Hare {EV+10}
   (You found it on level 7 of Cocytus)

   [ring of evasion]

   EV+10:     It affects your evasion (+10).
 Z - the ring of the Tortoise {AC+8}
   (You found it on level 5 of the Lair of Beasts)

   [ring of protection]

   AC+8:      It affects your AC (+8).
Wands
 v - a wand of digging (31)
 y - a wand of roots (88)
 G - a wand of acid (33)
Scrolls
 b - 2 scrolls of silence
 f - 11 scrolls of fear
 g - 3 scrolls of enchant armour
 j - 7 scrolls of revelation
 k - 5 scrolls of fog
 r - 4 scrolls of amnesia
 u - 32 scrolls of identify
 B - 3 scrolls of blinking
 H - 17 scrolls of teleportation
 O - 16 scrolls of enchant weapon
Potions
 c - a potion of berserk rage
 d - 4 potions of mutation
 m - 10 potions of attraction
 o - 6 potions of haste
 q - 8 potions of enlightenment
 t - a potion of invisibility
 w - 31 potions of curing
 z - 2 potions of cancellation
 M - 2 potions of resistance
 N - 5 potions of heal wounds
 U - a potion of brilliance
 Y - 8 potions of might
Miscellaneous
 a - a phial of floods
 Q - a lightning rod (4/4)
 T - a tin of tremorstones (2/2)


   Skills:
 - Level 26.0 Fighting
 - Level 16.0 Armour
 - Level 13.0 Dodging
 - Level 2.1 Stealth
 - Level 18.0 Shields
 + Level 19.9 Spellcasting
 + Level 23.7 Conjurations
 + Level 23.8 Fire Magic
 - Level 23.2 Ice Magic
 - Level 26.0 Earth Magic


You had 9 spell levels left.
You knew the following spells:

 Your Spells              Type           Power      Damage    Failure   Level
a - Fire Storm            Conj/Fire      65%        8d17      2%          9
b - Stone Arrow           Conj/Erth      100%       3d13      0%          3
c - Bombard               Conj/Erth      66%        9d11      0%          6
d - Iskenderun's Battles  Conj           100%       2d15      0%          5
e - Orb of Destruction    Conj           65%        9d15      1%          7
f - Shatter               Erth           67%        3d50*     1%          9
g - Ignition              Fire           65%        3d17      1%          8
h - Polar Vortex          Ice            65%        12d8*     2%          9

Your spell library contained the following spells:

 Spells                   Type           Power      Damage    Failure   Level
 Foxfire                  Conj/Fire      100%       2x1d9     0%          1
 Magic Dart               Conj           100%       1d8       0%          1
 Sandblast                Erth           100%       2d20      0%          1
 Shock                    Conj/Air       100%       1d9       0%          1
 Sting                    Conj/Alch      100%       1d9       0%          1
 Ensorcelled Hibernation  Hex/Ice        100%       N/A       0%          2
 Momentum Strike          Conj/Tloc      100%       3d10      0%          2
 Scorch                   Fire           100%       2d9       0%          2
 Searing Ray              Conj           100%       2d8       0%          2
 Static Discharge         Conj/Air       100%       3-8/arc   0%          2
 Frozen Ramparts          Ice            100%       1d16      0%          3
 Ozocubu's Armour         Ice            100%       N/A       0%          3
 Passwall                 Erth           100%       N/A       0%          3
 Brom's Barrelling Bould  Conj/Erth      100%       2d11      0%          4
 Flame Wave               Conj/Fire      100%       2d21      0%          4
 Fireball                 Conj/Fire      65%        3d25      0%          5
 Lee's Rapid Deconstruct  Erth           67%        3d31*     0%          5
 Starburst                Conj/Fire      65%        6d17      0%          6
 Apportation              Tloc           88%        N/A       1%          1
 Necrotise                Necr           100%       1d9       1%          1
 Slow                     Hex            100%       N/A       1%          1
 Summon Small Mammal      Summ           100%       N/A       1%          1
 Blink                    Tloc           88%        N/A       1%          2
 Call Imp                 Summ           88%        N/A       1%          2
 Lesser Beckoning         Tloc           88%        N/A       1%          2
 Mercury Vapours          Alch/Air       88%        N/A       1%          2
 Dazzling Flash           Conj/Hex       100%       N/A       1%          3
 Inner Flame              Hex/Fire       100%       N/A       1%          3
 Mephitic Cloud           Conj/Alch/Air  86%        N/A       1%          3
 Summon Ice Beast         Ice/Summ       99%        N/A       1%          3
 Volatile Blastmotes      Fire/Tloc      100%       2d18      1%          3
 Animate Armour           Summ/Erth      100%       N/A       1%          4
 Fulminant Prism          Conj/Alch      50%        3d22      1%          4
 Ignite Poison            Fire/Alch      100%       N/A       1%          4
 Iskenderun's Mystic Bla  Conj/Tloc      100%       2d19      1%          4
 Leda's Liquefaction      Alch/Erth      52%        N/A       1%          4
 Petrify                  Alch/Erth      100%       N/A       1%          4
 Sticky Flame             Fire/Alch      100%       2d15      1%          4
 Summon Blazeheart Golem  Fire/Summ      100%       N/A       1%          4
 Arcjolt                  Conj/Air       50%        1d60      1%          5
 Borgnjor's Vile Clutch   Necr/Erth      52%        N/A       1%          5
 Freezing Cloud           Conj/Ice/Air   55%        6-21      1%          5
 Irradiate                Conj/Alch      50%        3d28      1%          5
 Metabolic Englaciation   Hex/Ice        49%        N/A       1%          5
 Plasma Beam              Fire/Air       50%        2x1d65    1%          6
 Ozocubu's Refrigeration  Ice            65%        4d21      1%          7
 Lehudib's Crystal Spear  Conj/Erth      66%        10d15     1%          8
 Spellforged Servitor     Conj/Summ      50%        N/A       2%          7
 Call Canine Familiar     Summ           44%        N/A       3%          3
 Confusing Touch          Hex            44%        N/A       3%          3
 Fugue of the Fallen      Necr           44%        N/A       3%          3
 Gell's Gravitas          Tloc           44%        N/A       3%          3
 Sigil of Binding         Hex            44%        N/A       3%          3
 Swiftness                Air            44%        N/A       3%          3
 Teleport Other           Tloc           44%        N/A       3%          3
 Tukima's Dance           Hex            44%        N/A       3%          3
 Vampiric Draining        Necr           44%        2d9       3%          3
 Airstrike                Air            22%        2d(4-20)  3%          4
 Olgreb's Toxic Radiance  Alch           44%        N/A       3%          4
 Yara's Violent Unravell  Hex/Alch       22%        3d10      10%         5
 Cause Fear               Hex            22%        N/A       13%         4
 Dimensional Bullseye     Hex/Tloc       22%        N/A       13%         4
 Dispel Undead            Necr           44%        3d17      13%         4
 Manifold Assault         Tloc           44%        N/A       13%         4
 Martyr's Knell           Necr/Summ      44%        N/A       13%         4
 Passage of Golubria      Tloc           44%        N/A       13%         4
 Summon Lightning Spire   Summ/Air       44%        N/A       13%         4
 Vhi's Electric Charge    Tloc/Air       88%        N/A       13%         4
 Alistair's Intoxication  Alch           29%        N/A       34%         5
 Curse of Agony           Necr           44%        N/A       34%         5
 Silence                  Hex/Air        22%        N/A       34%         5
 Eringya's Noxious Bog    Alch           22%        4d6       43%         6
 Death Channel            Necr           22%        N/A       89%         6
 Dispersal                Tloc           22%        N/A       89%         6
 Summon Cactus Giant      Summ           22%        N/A       89%         6
 Chain Lightning          Conj/Air       50%        3d66      90%         9
 Malign Gateway           Summ/Tloc      22%        N/A       100%        7
 Summon Hydra             Summ           22%        N/A       100%        7
 Disjunction              Tloc           22%        N/A       100%        8
 Maxwell's Capacitive Co  Air            22%        ∞         100%        8
 Summon Horrible Things   Summ           22%        N/A       100%        8
 Dragon's Call            Summ           22%        N/A       100%        9
 Cigotuvi's Dreadful Rot  Necr/Alch/Air  Unusable   N/A       N/A         2
 Sublimation of Blood     Necr           Unusable   N/A       N/A         2

Dungeon Overview and Level Annotations

Branches:
Dungeon (15/15)            Temple (1/1) D:6            Lair (5/5) D:11
 Shoals (4/4) Lair:2        Snake (4/4) Lair:2        Slime (5/5) Lair:4
    Orc (2/2) D:12            Elf (3/3) Orc:2        Vaults (5/5) D:14
  Crypt (3/3) Vaults:2       Tomb (2/3) Crypt:3      Depths (4/4) D:15
   Hell (visited)             Dis (7/7) Hell            Geh (7/7) Hell
    Coc (7/7) Hell            Tar (7/7) Hell            Zot (0/5) Depths:4
Ossuary (visited)           IceCv (visited)         Gauntlet (visited)

Altars:
Ashenzari
Cheibriados
Dithmenos
Elyvilon
Fedhas
Gozag
Hepliaklqana
Kikubaaqudgha
Makhleb
Nemelex Xobeh
Okawaru
Qazlal
Ru
Sif Muna
Trog
Uskayaw
Vehumet
Wu Jian
Xom
Yredelemnul
Zin
The Shining One
Beogh
Jiyva

Shops:
D:4 [   D:7 *   Orc:1 (**   Orc:2 ????(   Shoals:2 [   Shoals:3 ?   Snake:2 =
Snake:3 [(=(   Vaults:2 [   Depths:4 !

Portals:
Hell: Depths:1 Depths:2 Depths:3 Depths:4
Abyss: Snake:4 Depths:3 Depths:4
Pandemonium: Depths:2
Ziggurat: Depths:3

Annotations:
Lair:5 Kirke
Snake:4 2 transporters, Qithugopp's ghost, adept MiFi
Elf:2 1 runed translucent door


Innate Abilities, Weirdness & Mutations

You are immune to sickness and miasma.
Your stone body is resilient. (AC +20)
You are immune to poison.
Your large and strong wings let you fly.
You resist negative energy. (rN+)
You are resistant to electric shocks. (rElec)
You are resistant to unholy torment.
You are immune to petrification.
You have sharp fingernails.
Your mind is acute. (Int +4, Str/Dex -1)


Message History

You feel extremely nervous for a moment...
Pain shoots through your body!!
* * * LOW HITPOINT WARNING * * *
The bennu jubilantly flits about.
The bennu pecks you.
* * * LOW HITPOINT WARNING * * *
The bennu closely misses you. The bennu claws you!
* * * LOW HITPOINT WARNING * * *
You block the bennu's attack. The bennu claws you but does no damage.
You block the bennu's attack. The bennu pecks you!
* * * LOW HITPOINT WARNING * * *
The bennu claws you but does no damage. x2
The royal mummy gestures at you while chanting.
Something smites you!
* * * LOW HITPOINT WARNING * * *
The royal mummy points at you and mumbles some strange words.
Something smites you!
* * * LOW HITPOINT WARNING * * *
The bennu jubilantly flits about.
The bennu barely misses you. You block the bennu's attack.
The bennu claws you but does no damage. The bennu pecks you but does no damage.
The bennu claws you but does no damage. x2
The royal mummy calls on the powers of darkness!
The bennu convulses! x2; Your body is wracked with pain!
* * * LOW HITPOINT WARNING * * *
You feel much better. The bennu pecks you but does no damage.
You block the bennu's attack. x2; The bennu pecks you but does no damage.
The bennu claws you but does no damage. The bennu claws you.
* * * LOW HITPOINT WARNING * * *
You block the bennu's attack. The bennu closely misses you.
The bennu claws you!
* * * LOW HITPOINT WARNING * * *
The lich casts a spell.
The lich flickers and vanishes!
Deactivating autopickup; reactivate with Ctrl-A.
The royal mummy points at you and mumbles some strange words.
Something smites you!
* * * LOW HITPOINT WARNING * * *
The bennu pecks you!
You die...

########+######
..............
#..........
..#...§..{. #..
......§..# #...
#§@§##
....#######bb..##
.........M).....##
...........)§....#
...........)M......
........$..§.§...L..
..........§.....##..
........§§..........
...................


You could see 2 royal mummies, a lich and 2 bennus.

Vanquished Creatures
  Antaeus (Coc:7)
  Asmodeus (Geh:7)
  the Royal Jelly (Slime:5)
  the Serpent of Hell (Dis:7)
  Frederick (Depths:3)
  6 dread liches
  Dispater (Dis:7)
  5 ancient liches
  A juggernaut (Dis:6)
  Xtahua (Crypt:3)
  4 royal mummies
  24 shard shrikes
  Geryon (Hell)
  15 caustic shrikes
  The ghost of Majang the Peltast, a veteran FoFi of Cheibriados (Vaults:2)
  2 golden dragons
  Jory (Crypt:1)
  29 profane servitors
  8 doom hounds
  10 bone dragons
  18 Tzitzimimeh
  16 hellephants
  11 iron giants
  14 Brimstone Fiends
  3 spectral shard shrikes
  5 tentacled monstrosities
  21 Ice Fiends
  27 tainted leviathans
  Mlioglotl (Snake:1)
  11 titans
  14 Hell Sentinels
  13 liches
  3 deep elf blademasters
  16 searing wretches
  A quicksilver dragon (Abyss:5)
  Asterion (Elf:2)
  A walking frostbound tome (Depths:2)
  2 deep elf master archers (Elf:3)
  12 sphinxes
  15 acid blobs
  Grunn (Crypt:2)
  2 krakens
  Frances (Shoals:1)
  22 tentacled starspawn
  23 ancient champions
  An eldritch tentacle (Abyss:4)
  An Executioner (Abyss:5)
  4 storm dragons
  Agnes (Elf:2)
  5 tengu reavers
  4 revenants
  Donald (Vaults:1)
  15 azure jellies
  Roxanne (Elf:3)
  Aizul (Snake:1)
  6 shadow dragons (Vaults:5)
  3 nagarajas
  21 fire giants
  16 rockslimes
  A daeva (Depths:3)
  Ilsuiw (Shoals:3)
  19 narguns
  3 draconian shifters
  An emperor scorpion (D:15)
  12 frost giants
  5 iron dragons
  15 quicksilver elementals
  A spectral juggernaut (Tar:4)
  4 deep elf sorcerers
  3 cacodemons
  14 vault wardens
  28 balrugs
  2 curse skulls (Crypt:3)
  3 spectral caustic shrikes
  6 deep elf elementalists
  A juggernaut zombie (Crypt:1)
  A draconian scorcher (Depths:4)
  9 shard shrike simulacra
  A caustic shrike zombie (Crypt:1)
  13 reapers
  An angel (Depths:2)
  14 ironbound preservers
  2 ophanim
  13 quicksilver oozes
  3 orc warlords
  10 stone giants
  2 spriggan defenders (Depths:2)
  3 formless jellyfish
  29 very ugly things
  A juggernaut skeleton (Depths:2)
  5 vampire knights
  13 ironbound thunderhulks
  6 deep elf demonologists
  12 deep elf death magi
  28 elemental wellsprings
  3 lorocyprocas
  3 black draconians (Depths:4)
  27 putrid mouths
  2 yellow draconians
  15 dire elephants
  A purple draconian (Depths:4)
  A red draconian (Depths:4)
  17 wendigos
  50 war gargoyles
  2 spectral titans
  4 spark wasps
  2 bennus (Tomb:1)
  8 eidola
  3 deep elf annihilators
  3 minotaurs
  Snorg (Lair:4)
  4 green deaths (Tar:4)
  5 blizzard demons
  An acid blob zombie (Crypt:2)
  8 fire dragons
  A quicksilver dragon zombie (Abyss:1)
  19 iron golems
  5 merfolk javelineers
  A crystal guardian (Vaults:3)
  A spectral quicksilver dragon (Crypt:1)
  8 jiangshi
  A spectral kraken (Tar:7)
  14 yaktaur captains
  An entropy weaver (Vaults:2)
  16 ettins
  A spectral iron giant (Tar:3)
  7 merfolk impalers
  10 mummy priests (Tomb:1)
  14 great orbs of eyes
  34 vault guards
  4 spectral spriggans
  8 rakshasas
  27 salamander tyrants
  2 peacekeepers
  5 hell beasts
  10 caustic shrike simulacra
  3 deep elf high priests
  2 spriggan zombies (Crypt:1)
  6 juggernaut simulacra
  6 anacondas
  A fenstrider witch zombie (Crypt:1)
  3 spriggan air magi
  10 ice dragons
  4 hydras
  10 centaur warriors
  4 ogre magi
  2 catoblepae (Lair:4)
  3 boulder beetles
  3 merfolk avatars
  5 stokers
  10 ironbound frosthearts
  Erica (D:8)
  2 merfolk aquamancers (Shoals:4)
  8 satyrs (Shoals:4)
  8 tengu warriors
  6 deep troll shamans
  5 spriggan skeletons
  An alligator snapping turtle (Shoals:3)
  2 death knights
  A sphinx skeleton (Crypt:1)
  16 two-headed ogres
  13 naga warriors
  An azure jelly zombie (Crypt:2)
  24 hell hogs
  7 vampire magi
  10 thrashing horrors
  29 death scarabs (Tomb:1)
  3 deep troll earth magi
  Urug (D:13)
  An orc high priest (Orc:1)
  2 demonic crawlers (Abyss:4)
  31 dancing weapons
  11 naga sharpshooters
  8 spriggan berserkers
  A titan zombie (Crypt:1)
  6 occultists
  4 spectral dire elephants
  8 death yaks
  22 hell knights
  5 skysharks
  19 deep elf knights
  8 shock serpents
  6 sixfirhies
  11 soul eaters
  A storm dragon zombie (Vaults:2)
  8 crystal echidnas
  16 wretched stars
  11 sun demons
  9 shadow wraiths
  13 skeletal warriors
  2 spectral death yaks (Lair:5)
  5 salamander mystics
  A spectral anaconda (Lair:5)
  3 spectral bunyips
  2 quicksilver dragon simulacra (Coc:2)
  12 mana vipers
  9 sea snakes
  7 glowing orange brains
  6 iron trolls
  A death drake (Abyss:1)
  A sea snake (shapeshifter) (Depths:1)
  An orb spider (Abyss:4)
  An obsidian statue (Lair:5)
  A spark wasp zombie (Depths:2)
  6 spriggan simulacra
  37 large abominations
  16 phantasmal warriors
  A lindwurm (shapeshifter) (Vaults:5)
  A spectral iron dragon (Tar:2)
  14 flayed ghosts
  5 naga ritualists
  23 deep trolls
  2 orange crystal statues (IceCv)
  14 ironbound convokers
  7 arcanists
  32 deep elf pyromancers
  2 spectral hydras
  41 starcursed masses
  A fenstrider witch simulacrum (Coc:1)
  14 deep elf archers
  A bunyip skeleton (Crypt:3)
  12 necromancers
  21 harpies
  40 deep elf zephyrmancers
  A steelbarb worm (shapeshifter) (Vaults:5)
  14 lindwurms
  2 orc sorcerers
  2 orc knights (Vaults:1)
  3 spectral ettins
  A shadow dragon skeleton (Vaults:5)
  2 tengu skeletons (Vaults:4)
  14 salamanders
  62 ugly things
  9 cyclopes
  13 fauns
  13 shining eyes
  A stone giant zombie (Tomb:2)
  3 spectral centaurs
  An oklob plant (Lair:3)
  An alligator skeleton (Abyss:1)
  4 worldbinders
  3 meliai (D:15)
  A fire giant skeleton (Vaults:2)
  11 manticores
  Maurice (D:7)
  9 merfolk sirens
  23 black mambas
  Joseph (D:7)
  11 molten gargoyles (Geh:7)
  2 meliai (shapeshifter)
  A kobold blastminer (Orc:1)
  10 guardian serpents
  20 smoke demons
  15 elephants
  A torpor snail (Gauntlet)
  6 water nymphs
  A water nymph (shapeshifter) (Abyss:1)
  A black mamba (shapeshifter) (D:15)
  An ice statue (Coc:7)
  8 rust devils
  2 storm dragon simulacra (Coc:1)
  5 apocalypse crabs
  16 naga magi
  5 orange demons
  4 titan simulacra
  4 eyes of devastation
  21 vault sentinels
  An orc skeleton (Crypt:1)
  11 cane toads
  8 gargoyles
  A dire elephant skeleton (Abyss:1)
  A cane toad (shapeshifter) (Abyss:5)
  2 centaur skeletons (Crypt:3)
  9 spectral swamp worms (Tar:7)
  16 freezing wraiths
  An alligator snapping turtle skeleton (Crypt:3)
  An emperor scorpion simulacrum (Coc:1)
  6 spectral nagas
  34 hellions
  2 unseen horrors (Abyss:1)
  7 anaconda simulacra
  4 kobold demonologists
  2 efreet
  38 tormentors
  3 rime drakes
  15 guardian mummies
  A spectral deep troll (Tar:1)
  21 yaktaurs
  3 ice devils
  A bunyip simulacrum (Coc:2)
  6 komodo dragons
  A yaktaur (shapeshifter) (Depths:4)
  2 iron giant simulacra
  13 trolls
  4 spectral harpies
  3 silent spectres
  A troll (shapeshifter) (Abyss:1)
  7 ancient zymes
  A harpy zombie (Tomb:1)
  24 merfolk
  5 hellwings (Abyss:1)
  6 hornets
  21 blink frogs
  2 wolf spider simulacra
  An alligator simulacrum (Crypt:1)
  9 snapping turtles
  3 harpy skeletons
  3 ettin zombies
  9 wind drakes
  25 dream sheep
  A snapping turtle (shapeshifter) (Depths:4)
  39 raiju
  A human simulacrum (Vaults:5)
  2 stone giant simulacra
  3 ettin skeletons
  189 slime creatures
  2 glass eyes (Abyss:5)
  18 water elementals
  5 air elementals
  A satyr skeleton (Crypt:1)
  An iron dragon simulacrum (Coc:5)
  A spriggan (shapeshifter) (Elf:1)
  2 vampires
  14 ynoxinuls (Abyss:1)
  5 shadows
  A black mamba zombie (Crypt:1)
  15 wraiths
  65 yaks
  2 wyverns
  8 dire elephant simulacra
  A naga simulacrum (Coc:4)
  An ushabti (Tomb:1)
  5 fire bats
  6 spriggans
  2 alligator snapping turtle simulacra
  2 black mamba skeletons (Crypt:1)
  A warg (Orc:1)
  4 basilisks
  4 fire elementals
  A warg (shapeshifter) (D:15)
  A golden eye (shapeshifter) (D:13)
  10 golden eyes
  A steam dragon (Gauntlet)
  4 hogs (Lair:5)
  10 vampire mosquitoes
  A redback (shapeshifter) (Elf:2)
  7 chaos spawn (Abyss:1)
  10 neqoxecs
  2 redbacks (Vaults:2)
  A catoblepas simulacrum (Crypt:1)
  4 minotaur simulacra (Shoals:1)
  2 swamp worms (Gauntlet)
  52 nagas
  2 naga zombies (Crypt:1)
  15 harpy simulacra
  3 glowing shapeshifter zombies
  A spectral cane toad (Lair:5)
  An acid dragon (D:10)
  8 hell hounds
  A fire bat skeleton (Crypt:2)
  3 hydra simulacra
  Duvessa (D:7)
  2 glowing shapeshifter skeletons
  6 great orb of eyes simulacra (IceCv)
  A swamp drake (Orc:2)
  14 water moccasins
  A human skeleton (Depths:2)
  17 orc warriors
  A sky beast (D:7)
  A black bear (D:4)
  2 naga skeletons
  6 ice beasts
  A merfolk simulacrum (Coc:1)
  4 ettin simulacra
  27 laughing skulls
  26 ogres
  An elephant skeleton (Lair:5)
  13 centaurs
  15 wolves
  5 boggarts
  2 slime creature simulacra (IceCv)
  A yaktaur zombie (Crypt:2)
  6 brain worms
  5 kobold brigands
  10 weeping skulls
  10 bullfrogs
  A fire crab zombie (Crypt:1)
  5 glowing shapeshifter simulacra (IceCv)
  6 earth elementals
  A deep troll simulacrum (Shoals:1)
  68 small abominations
  A gnoll sergeant (D:11)
  3 scorpions
  A cane toad simulacrum (Lair:5)
  2 warg skeletons
  14 wights
  Dowan (D:7)
  A raiju zombie (Crypt:2)
  12 killer bees
  4 electric eels (Lair:2)
  3 howler monkeys (D:13)
  3 bombardier beetles
  A jelly (Lair:4)
  A basilisk zombie (Crypt:2)
  A crimson imp (Orc:2)
  5 quasits (Abyss:1)
  4 hounds
  5 human zombies (Ossuary)
  13 orc priests
  5 iron imps
  A sleepcap (D:6)
  2 iguanas (D:5)
  17 hell rats
  18 orc wizards
  A killer bee zombie (Crypt:2)
  An acid dragon zombie (Crypt:2)
  A hound zombie (Ossuary)
  25 mummies
  8 gnolls
  A swamp drake zombie (Crypt:1)
  7 adders
  2 shadow imps
  8 white imps
  4 ufetubi (Abyss:1)
  A lava snake skeleton (Crypt:2)
  An iguana skeleton (Crypt:1)
  4 dart slugs
  A ribbon worm (D:2)
  A ribbon worm (shapeshifter) (D:15)
  66 orcs
  8 ball pythons
  A bat zombie (Crypt:1)
  8 endoplasms
  8 giant cockroaches
  A gnoll zombie (Ossuary)
  8 goblins
  4 hobgoblins
  2 jackals (D:2)
  3 quokkas
  10 bats
  5 frilled lizards
  19 kobolds
  A kobold zombie (Ossuary)
  2 orc zombies (Ossuary)
  5 rats
  2 rat zombies (Ossuary)
  6 creeping infernos
  3 fire vortices
  7 lurking horrors
  A spectral weapon (Tar:7)
  9 starspawn tentacles
  5 tentacles
3666 creatures vanquished.

Vanquished Creatures (collateral kills)
  Ereshkigal (Tar:7)
  A royal mummy (Tomb:1)
  2 caustic shrikes (Dis:7)
  A tentacled starspawn (Abyss:6)
  A storm dragon (Vaults:5)
  2 war gargoyles (Dis:7)
  A yaktaur captain (Vaults:5)
  A death scarab (Tomb:1)
  A phantasmal warrior (Vaults:5)
  A worldbinder (Abyss:1)
  An orc wizard (Orc:1)
  8 orcs (Orc:1)
21 creatures vanquished.

Vanquished Creatures (others)
  A Brimstone Fiend (Geh:3)
  A naga warrior (Snake:2)
  A sixfirhy (Abyss:4)
  A quicksilver dragon simulacrum (Coc:7)
  A molten gargoyle (Geh:7)
  A raiju (Abyss:5)
  A shadow (Crypt:3)
  3 golden eyes (Abyss:4)
  A harpy simulacrum (Coc:5)
  A wight (Abyss:1)
  An orc priest (Orc:1)
  2 hell rats (Lair:2)
  69 fire vortices
  25 starspawn tentacles
  12 tentacles
121 creatures vanquished.

Grand Total: 3808 creatures vanquished

Notes
Turn   | Place    | Note
-------+----------+-------------------------------------------
     0 | D:1      | Essalna the Gargoyle Earth Elementalist began the quest for
                  | the Orb.
     0 | D:1      | Reached XP level 1. HP: 10/10 MP: 3/3
   285 | D:1      | Reached XP level 2. HP: 15/15 MP: 3/5
   724 | D:1      | Reached XP level 3. HP: 19/19 MP: 1/6
  1282 | D:2      | Learned a level 3 spell: Stone Arrow
  1490 | D:2      | Reached XP level 4. HP: 24/24 MP: 6/8
  1706 | D:2      | Identified the +11 falchion of Qazlal's Generosity {freeze,
                  | rF- MP+9 Str+4 Int+6}
  2229 | D:3      | Reached skill level 1 in Fighting
  2229 | D:3      | Reached XP level 5. HP: 29/29 MP: 9/9
  2332 | D:3      | Found a faded altar of an unknown god.
  2444 | D:3      | Found a glowing silver altar of Zin.
  2444 | D:3      | Found a white marble altar of Elyvilon.
  2444 | D:3      | Found a glowing golden altar of the Shining One.
  2660 | D:3      | Found an iron altar of Okawaru.
  2704 | D:3      | Identified the +3 hand axe of the Jumping Saviour {drain,
                  | rC+}
  2795 | D:4      | Noticed a black bear
  2892 | D:4      | Killed a black bear
  2893 | D:4      | Reached skill level 5 in Earth Magic
  2893 | D:4      | Reached XP level 6. HP: 30/35 MP: 11/11
  3264 | D:4      | Found Buplosizyaj's Antique Armour Emporium.
  3280 | D:4      | Bought a shiny helmet for 187 gold pieces
  3340 | D:5      | Entered Level 5 of the Dungeon
  3413 | D:5      | Reached XP level 7. HP: 40/40 MP: 12/12
  3869 | D:5      | Reached skill level 5 in Conjurations
  3869 | D:5      | Reached XP level 8. HP: 48/48 MP: 12/14
  4156 | D:5      | Reached skill level 1 in Armour
  4349 | D:6      | Found a staircase to the Ecumenical Temple.
  4358 | Temple   | Entered the Ecumenical Temple
  4369 | Temple   | Became a worshipper of Vehumet
  4440 | D:6      | Reached skill level 5 in Spellcasting
  4538 | D:6      | Reached skill level 1 in Shields
  5152 | D:7      | Found a blossoming altar of Fedhas.
  5153 | D:7      | Found a sacrificial altar of Ru.
  5153 | D:7      | Found a shadowy altar of Dithmenos.
  5153 | D:7      | Noticed Duvessa
  5153 | D:7      | Noticed Dowan
  5153 | D:7      | Noticed Joseph
  5155 | D:7      | Noticed Maurice
  5168 | D:7      | Reached skill level 5 in Fighting
  5180 | D:7      | Reached XP level 9. HP: 32/54 MP: 16/16
  5188 | D:7      | Found Lubrogri's Elemental Accessories.
  5206 | D:7      | Found a sand-covered staircase.
  5215 | Ossuary  | Entered an ossuary
  5227 | Ossuary  | Reached * piety under Vehumet
  5227 | Ossuary  | Offered knowledge of Sting by Vehumet.
  5586 | D:7      | Found a burning altar of Makhleb.
  5774 | D:7      | Killed Duvessa
  5775 | D:7      | Killed Dowan
  5986 | D:7      | Killed Joseph
  5986 | D:7      | Offered knowledge of Foxfire by Vehumet.
  6082 | D:7      | Reached XP level 10. HP: 60/60 MP: 17/17
  6185 | D:7      | Killed Maurice
  6253 | D:7      | Noticed a green death
  6307 | D:8      | Reached ** piety under Vehumet
  6387 | D:8      | Reached skill level 5 in Armour
  6571 | D:8      | Noticed Erica
  6575 | D:8      | Killed Erica
  6902 | D:8      | Identified the +2 robe of the Squeaky God {rC- Will+ Int+4
                  | Stlth+}
  7205 | D:9      | Offered knowledge of Momentum Strike by Vehumet.
  7210 | D:9      | Reached skill level 5 in Dodging
  7283 | D:9      | Found a hide-covered altar of Uskayaw.
  7726 | D:10     | Entered Level 10 of the Dungeon
  7754 | D:10     | Noticed a purple ugly thing
  7763 | D:10     | Killed a purple ugly thing
  7764 | D:10     | Reached XP level 11. HP: 68/68 MP: 18/18
  7792 | D:10     | Noticed a boulder beetle
  7795 | D:10     | Reached *** piety under Vehumet
  8042 | D:10     | Killed a boulder beetle
  8148 | D:10     | Reached skill level 10 in Earth Magic
  8233 | D:10     | Learned a level 6 spell: Bombard
  8318 | D:10     | Found a stormy altar of Qazlal.
  8329 | D:10     | Found a hazy altar of Hepliaklqana.
  8628 | D:11     | Noticed a six-headed hydra
  8633 | D:11     | Killed a six-headed hydra
  8633 | D:11     | Offered knowledge of Hailstorm by Vehumet.
  8654 | D:11     | Noticed a death yak
  8655 | D:11     | Found a staircase to the Lair.
  8667 | D:11     | Killed a death yak
  8689 | D:11     | Found a gate leading to a gauntlet.
  8698 | Gauntlet | Entered a Gauntlet
  8698 | Gauntlet | Noticed a balrug
  8698 | Gauntlet | Found a transporter.
  8698 | Gauntlet | Found a transporter.
  8698 | Gauntlet | Found a transporter.
  8709 | Gauntlet | Found a transporter.
  8709 | Gauntlet | Found a transporter.
  8719 | Gauntlet | Found a transporter.
  8786 | Gauntlet | Found a transporter.
  8796 | Gauntlet | Found a transporter.
  8811 | Gauntlet | Found a transporter.
  8823 | Gauntlet | Found a transporter.
  8837 | Gauntlet | Found a transporter.
  8843 | Gauntlet | Found a transporter.
  9194 | Gauntlet | Reached XP level 12. HP: 40/76 MP: 7/19
  9316 | Gauntlet | Identified the ring of the Shining One's Hope {rC++ rN+
                  | Str-4}
  9342 | Gauntlet | Noticed a minotaur
  9345 | Gauntlet | Killed a minotaur
  9374 | Gauntlet | Identified the +1 swamp dragon scales of the Little Devil
                  | {rPois Stlth+}
  9375 | Gauntlet | Got the Encyclopedia of the Conflagrant Volcano
  9577 | D:11     | Noticed a two-headed ogre
  9581 | D:11     | Killed a two-headed ogre
  9897 | D:11     | Found a hazy altar of Hepliaklqana.
 10368 | Lair:1   | Entered Level 1 of the Lair of Beasts
 10454 | Lair:1   | Reached **** piety under Vehumet
 10455 | Lair:1   | Reached skill level 10 in Conjurations
 10572 | Lair:1   | Reached skill level 10 in Fighting
 10578 | Lair:1   | Offered knowledge of Olgreb's Toxic Radiance by Vehumet.
 10809 | Lair:1   | Reached skill level 5 in Shields
 11368 | Lair:2   | Noticed a skyshark
 11377 | Lair:2   | Killed a skyshark
 11521 | Lair:2   | Found a staircase to the Snake Pit.
 11573 | Lair:2   | Reached XP level 13. HP: 73/83 MP: 20/20
 11735 | Lair:2   | Found a staircase to the Shoals.
 12286 | Lair:3   | Reached ***** piety under Vehumet
 12286 | Lair:3   | Offered knowledge of Sticky Flame by Vehumet.
 13238 | Lair:4   | Noticed Snorg
 13251 | Lair:4   | Killed Snorg
 13323 | Lair:4   | Found a viscous altar of Jiyva.
 13324 | Lair:4   | Found a staircase to the Slime Pits.
 14260 | Lair:4   | Gained mutation: Your large and strong wings let you fly.
                  | [Gargoyle growth]
 14260 | Lair:4   | Reached XP level 14. HP: 92/92 MP: 21/21
 14572 | Lair:5   | Entered Level 5 of the Lair of Beasts
 15348 | Lair:5   | Offered knowledge of Ignite Poison by Vehumet.
 15422 | Lair:5   | Noticed Kirke
 15778 | Lair:5   | Noticed a dire elephant
 15779 | Lair:5   | Noticed a dire elephant
 15780 | Lair:5   | Found the ring of the Tortoise {AC+8}
 15857 | Lair:5   | Killed a dire elephant
 15868 | Lair:5   | Killed a dire elephant
 16064 | Lair:5   | Noticed a dire elephant
 16103 | Lair:5   | Reached skill level 10 in Shields
 16206 | Lair:5   | Killed a dire elephant
 16391 | Lair:5   | Identified the +4 sling of the Hierophant {heavy, rElec rC+
                  | Str+3}
 16424 | Lair:5   | Reached skill level 15 in Earth Magic
 16710 | Snake:1  | Entered Level 1 of the Snake Pit
 16857 | Snake:1  | Reached XP level 15. HP: 99/99 MP: 7/22
 17122 | Snake:1  | Identified the +1 hat of the Nexus {Fly rF+ Dex-5}
 17155 | Snake:1  | Identified the serpent talisman of Oba Puro {Will- Dex+5}
 17155 | Snake:1  | Noticed Aizul
 17173 | Snake:1  | Killed Aizul
 17243 | Snake:1  | Noticed Mlioglotl
 17249 | Snake:1  | Killed Mlioglotl
 17990 | Snake:2  | Noticed a nagaraja
 17995 | Snake:2  | Killed a nagaraja
 18258 | Snake:2  | HP: 4/100 [naga/+0 hand axe (31)]
 18504 | Snake:2  | Found Zetikk's Jewellery Boutique.
 18553 | Snake:2  | Found a blossoming altar of Fedhas.
 18941 | Snake:3  | Offered knowledge of Conjure Ball Lightning by Vehumet.
 19079 | Snake:3  | Learned a level 5 spell: Iskenderun's Battlesphere
 19846 | Snake:3  | Found Rojoc's Weapon Shoppe.
 19846 | Snake:3  | Found Cyannaf's Antique Armour Emporium.
 19847 | Snake:3  | Found Dell's Jewellery Shoppe.
 19850 | Snake:3  | Found Lelarire's Antique Weapon Emporium.
 19862 | Snake:3  | Bought a glimmering ring mail for 297 gold pieces
 19862 | Snake:3  | Identified the +2 ring mail of Words of Power {Slay+3} (You
                  | bought it in a shop on level 3 of the Snake Pit)
 20315 | Snake:4  | Entered Level 4 of the Snake Pit
 20768 | Snake:4  | Found a transporter.
 20769 | Snake:4  | Found a one-way gate to the infinite horrors of the Abyss.
 20769 | Snake:4  | Noticed Qithugopp's ghost (adept MiFi)
 20781 | Snake:4  | Found a transporter.
 20814 | Snake:4  | Reached XP level 16. HP: 107/107 MP: 20/24
 21453 | Snake:4  | Reached skill level 15 in Conjurations
 21541 | Snake:4  | Reached skill level 15 in Fighting
 22133 | Snake:4  | Noticed a nagaraja
 22144 | Snake:4  | Killed a nagaraja
 22363 | Snake:4  | Reached ****** piety under Vehumet
 22374 | Snake:4  | Noticed a nagaraja
 22376 | Snake:4  | Offered knowledge of Starburst by Vehumet.
 22383 | Snake:4  | Killed a nagaraja
 22776 | Snake:4  | Got a serpentine rune of Zot
 23205 | D:12     | Found a staircase to the Orcish Mines.
 23538 | D:12     | Reached XP level 17. HP: 98/114 MP: 22/28
 24239 | Orc:1    | Entered Level 1 of the Orcish Mines
 24239 | Orc:1    | Found Ylup's Antique Weapon Shoppe.
 24303 | Orc:1    | Offered knowledge of Fireball by Vehumet.
 24441 | Orc:1    | Found Uwedocem's General Store.
 24473 | Orc:1    | Found Heck's Specific Store.
 24893 | Orc:2    | Entered Level 2 of the Orcish Mines
 24986 | Orc:2    | Found Xonifegu's Magic Scroll Shop.
 25034 | Orc:2    | Found Guhuseig's Magic Scroll Emporium.
 25501 | Orc:2    | Found Pirigejy's Magic Scroll Boutique.
 25503 | Orc:2    | Found Reguofow's Magic Scroll Boutique.
 25505 | Orc:2    | Bought a scroll of acquirement for 780 gold pieces
 25506 | Orc:2    | Acquired 717 gold pieces
 25510 | Orc:2    | Acquired 777 gold pieces
 25516 | Orc:2    | Offered knowledge of Orb of Destruction by Vehumet.
 25531 | Orc:2    | Learned a level 7 spell: Orb of Destruction
 25949 | Orc:2    | Found Poituqoile's Weapon Shoppe.
 25950 | Orc:2    | Found a staircase to the Elven Halls.
 25980 | Orc:2    | Bought a scroll of teleportation for 45 gold pieces
 25980 | Orc:2    | Bought a scroll of teleportation for 45 gold pieces
 25980 | Orc:2    | Bought a scroll of teleportation for 45 gold pieces
 25986 | Orc:2    | Bought a scroll of blinking for 97 gold pieces
 25986 | Orc:2    | Bought a scroll of teleportation for 39 gold pieces
 26000 | Orc:2    | Bought a scroll of teleportation for 45 gold pieces
 26139 | Orc:2    | Bought a scroll of enchant armour for 112 gold pieces
 26139 | Orc:2    | Bought a scroll of enchant armour for 112 gold pieces
 26291 | Shoals:1 | Entered Level 1 of the Shoals
 26303 | Shoals:1 | Noticed Frances
 26380 | Shoals:1 | Killed Frances
 26408 | Shoals:1 | Found a glacial archway.
 26428 | IceCv    | Entered an ice cave
 26825 | IceCv    | Found a viscous altar of Jiyva.
 26938 | IceCv    | Got the ring "Oloidiy" {Ice Int+5 Dex-3}
 26944 | IceCv    | Identified the +1 scale mail of the Majestic Grue {-Cast
                  | rC+++ Dex-5 Slay+5}
 27310 | Shoals:1 | Noticed a kraken
 27322 | Shoals:1 | Killed a kraken
 28309 | Shoals:2 | Offered knowledge of Ozocubu's Refrigeration by Vehumet.
 28310 | Shoals:2 | Reached XP level 18. HP: 122/122 MP: 31/31
 28415 | Shoals:2 | Found Ramorah's Antique Armour Shoppe.
 28454 | Shoals:2 | Reached XP level 19. HP: 127/127 MP: 32/32
 28906 | Shoals:3 | Noticed Ilsuiw
 28954 | Shoals:3 | Killed Ilsuiw
 28955 | Shoals:3 | Reached skill level 10 in Spellcasting
 29153 | Shoals:3 | Found Siblo's Magic Scroll Boutique.
 29156 | Shoals:3 | Bought a scroll of teleportation for 54 gold pieces
 29156 | Shoals:3 | Bought a scroll of blinking for 135 gold pieces
 29435 | Shoals:3 | Learned a level 9 spell: Shatter
 29726 | Shoals:3 | Found an opulent altar of Gozag.
 29969 | Shoals:4 | Entered Level 4 of the Shoals
 30357 | D:13     | Noticed Urug
 30363 | D:13     | Killed Urug
 31983 | D:14     | Found a gate to the Vaults.
 31995 | D:14     | Identified the +2 leather armour of the Valley of Death
                  | {Will+ Str+3 Dex+3}
 32144 | D:15     | Entered Level 15 of the Dungeon
 32308 | D:15     | Offered knowledge of Polar Vortex by Vehumet.
 32308 | D:15     | Offered knowledge of Ignition by Vehumet.
 32308 | D:15     | Offered knowledge of Maxwell's Capacitive Coupling by
                  | Vehumet.
 32364 | D:15     | Found a sacrificial altar of Ru.
 32533 | D:15     | Found a staircase to the Depths.
 32830 | D:15     | Found a shimmering blue altar of Sif Muna.
 33708 | Shoals:4 | Reached XP level 20. HP: 125/134 MP: 29/34
 33983 | Shoals:4 | Identified the +6 dire flail of Hazinep {spect, rElec rC+}
 34238 | Shoals:4 | Identified the ring "Fettu" {Dex+6 SInv}
 34268 | Shoals:4 | Got a barnacled rune of Zot
 34879 | Elf:1    | Entered Level 1 of the Elven Halls
 34914 | Elf:1    | Paralysed by an air elemental for 1 turns
 36098 | Elf:2    | Noticed Agnes
 36099 | Elf:2    | Killed Agnes
 36209 | Elf:2    | Paralysed by an air elemental for 1 turns
 36339 | Elf:2    | Noticed Asterion
 36342 | Elf:2    | Killed Asterion
 36343 | Elf:2    | Reached skill level 1 in Fire Magic
 36482 | Elf:2    | Found a huge runed translucent gate.
 36482 | Elf:2    | Found a huge runed translucent gate.
 36483 | Elf:2    | Found a huge runed translucent gate.
 36574 | Elf:2    | Found a huge runed translucent gate.
 36574 | Elf:2    | Found a huge runed translucent gate.
 36837 | Elf:2    | Reached XP level 21. HP: 140/140 MP: 33/35
 36873 | Elf:2    | Found an ancient bone altar of Kikubaaqudgha.
 37450 | Elf:3    | Entered Level 3 of the Elven Halls
 37468 | Elf:3    | Reached skill level 5 in Fire Magic
 37470 | Elf:3    | Paralysed by an air elemental for 1 turns
 37472 | Elf:3    | Paralysed by an air elemental for 1 turns
 37475 | Elf:3    | Paralysed by an air elemental for 1 turns
 37823 | Elf:3    | Noticed Roxanne
 37828 | Elf:3    | Killed Roxanne
 38017 | Elf:3    | Identified the +2 leather armour of the Six Friends {rElec
                  | Int+3 Dex+2}
 38018 | Elf:3    | Identified the +3 great sword of Wuaceg {freeze, ^Contam
                  | rC+ Int+3 Stlth+}
 38287 | Elf:3    | Identified the +2 morningstar of the Mosquito {freeze,
                  | rPois Stlth+}
 38348 | Elf:3    | Identified the +7 trident "Udacsof" {freeze, Int+5}
 38398 | Elf:3    | Got the Guidebook on Amathomancy and Burning
 38405 | Elf:3    | Identified the +3 spear of Noocw {speed, rC+ Int+3}
 38455 | Elf:3    | Identified the +8 great mace "Ibarorir" {venom, Str+2
                  | Int+3} (You took it off a deep elf death mage on level 3 of
                  | the Elven Halls)
 38715 | Vaults:1 | Entered Level 1 of the Vaults
 39410 | Vaults:1 | Noticed Donald
 39412 | Vaults:1 | Killed Donald
 39734 | Vaults:2 | Reached XP level 22. HP: 151/151 MP: 36/36
 39746 | Vaults:1 | Reached skill level 10 in Fire Magic
 40280 | Vaults:2 | Noticed Majang's ghost (veteran FoFi)
 40281 | Vaults:2 | Found a runed translucent door.
 40945 | Vaults:2 | Killed Majang's ghost
 40981 | Vaults:2 | Identified the +3 morningstar of the Eggplant {flame, rCorr
                  | Int+3}
 41057 | Vaults:2 | Found Avuplaim's Armour Boutique.
 41248 | Vaults:2 | Found a staircase to the Crypt.
 41695 | Vaults:3 | Identified the +2 scimitar of Uncertain Death {venom, SInv}
 42031 | Vaults:3 | Identified the +3 short sword "Otooz" {antimagic, rN+ rCorr
                  | Dex+3}
 43100 | Vaults:4 | Reached XP level 23. HP: 138/160 MP: 5/37
 43967 | Vaults:5 | Entered Level 5 of the Vaults
 43974 | Vaults:5 | Noticed a golden dragon
 44033 | Vaults:5 | Noticed an ancient lich
 44088 | Vaults:5 | Noticed a dread lich
 44097 | Vaults:5 | Killed a dread lich
 44169 | Vaults:5 | Learned a level 8 spell: Ignition
 44194 | Vaults:5 | Reached skill level 15 in Fire Magic
 44299 | Vaults:5 | Identified the amulet "Taco Ive" {+Blink +Inv rF+ Regen+}
 44374 | Vaults:5 | Killed a golden dragon
 44376 | Vaults:5 | Noticed a dread lich
 44377 | Vaults:5 | Identified the +6 whip of Reinforcement {spect, Int+4}
 44380 | Vaults:5 | Paralysed by something for 2 turns
 44383 | Vaults:5 | Killed a dread lich
 44470 | Vaults:5 | Identified the +3 battleaxe of Peppiah {freeze, *Noise
                  | rElec rN+ Stlth+}
 44471 | Vaults:5 | Reached XP level 24. HP: 131/170 MP: 12/37
 44526 | Vaults:5 | Identified the +2 robe of the Present {rF- rC+ Str+3 Int+3}
 44647 | Vaults:5 | Got a silver rune of Zot
 44657 | Vaults:5 | Identified the staff "Tecuid" {rPois Str+4 Int-4 Fire
                  | Alchemy}
 44682 | Vaults:5 | Killed an ancient lich
 44719 | Vaults:5 | Got Sif Muna's Opusculum on the Welkin
 44994 | Vaults:5 | Got the Monograph on Force and the Winter
 45004 | Vaults:5 | Identified the ring of Qyolaps {rF+ rC+ Str+6 Int+6}
 45017 | Vaults:5 | Identified the +1 robe of Peek-a-Boo {Slay+4}
 45020 | Vaults:5 | Identified the staff "Getaupe" {Str+3 Earth}
 45219 | Vaults:5 | Identified the ring "Qepoin Saydgh" {rElec rCorr Dex-2
                  | Stlth+}
 45971 | Crypt:1  | Entered Level 1 of the Crypt
 46817 | Crypt:1  | Noticed Jory
 46826 | Crypt:1  | Killed Jory
 46827 | Crypt:1  | Found an ancient bone altar of Kikubaaqudgha.
 48188 | Crypt:2  | Noticed Grunn
 48195 | Crypt:2  | Killed Grunn
 48748 | Crypt:3  | Entered Level 3 of the Crypt
 48935 | Crypt:3  | Identified the staff of Puetie {rElec rF+ Str+4 Dex-5 Air}
 48941 | Crypt:3  | Identified the +4 scale mail of Puczag {^Contam rC+ Str+5}
 49060 | Crypt:3  | Noticed Xtahua
 49101 | Crypt:3  | Paralysed by Xtahua for 5 turns
 49106 | Crypt:3  | Killed Xtahua
 49199 | Crypt:3  | Reached XP level 25. HP: 181/181 MP: 37/37
 49614 | Crypt:3  | Found a staircase to the Tomb.
 49802 | Crypt:3  | Identified the +1 robe of the Kettle-Drum {-Cast Will+
                  | Dex+3}
 49808 | Crypt:3  | Got Ceytatiy's Compilation of Sparks
 50244 | Crypt:3  | Identified the ring of Funulyf {rN+ Int+8}
 50244 | Crypt:3  | Identified the ring of Toedeihi {rN+ Str+4 Int+3 Dex+2
                  | Slay-3}
 50244 | Crypt:3  | Identified the ring of Day {rC++ rN+}
 50245 | Crypt:3  | Identified the +8 war axe "Xuiqo" {chaos, *Noise rElec rC+
                  | rN+}
 50246 | Crypt:3  | Identified the amulet "Dadom" {Spirit +Inv rF- rC++ rN+++}
 50478 | Crypt:3  | Noticed a dread lich
 50480 | Crypt:3  | Killed a dread lich
 50514 | Crypt:3  | Found the +5 scythe "Finisher" {speed, execute}
 50527 | Crypt:3  | Found an ancient bone altar of Kikubaaqudgha.
 50841 | Depths:1 | Entered Level 1 of the Depths
 51077 | Depths:1 | Found a shadowy altar of Dithmenos.
 51401 | Depths:1 | Found an opulent altar of Gozag.
 51649 | Depths:1 | Found a gateway to Hell.
 51826 | Depths:2 | Found a one-way gate leading to the halls of Pandemonium.
 52101 | Depths:2 | Paralysed by a sphinx for 2 turns
 52287 | Depths:2 | Paralysed by a sphinx for 5 turns
 52706 | Depths:2 | Found a glowing silver altar of Zin.
 52727 | Depths:3 | Found a one-way gateway to a ziggurat.
 53041 | Depths:3 | Reached skill level 10 in Armour
 53084 | Depths:3 | Reached XP level 26. HP: 169/188 MP: 29/38
 53085 | Depths:3 | Identified the orb of Shielding {*channel, rPois Str+3
                  | Dex-3}
 53085 | Depths:3 | Noticed Frederick
 53101 | Depths:3 | Killed Frederick
 53387 | Depths:3 | Identified the +3 plate armour of Shielding {*Corrode +Inv
                  | Int+6}
 53817 | Depths:4 | Entered Level 4 of the Depths
 54740 | Depths:4 | Found Hotsowos's Distillery.
 54938 | Depths:4 | Acquired 662 gold pieces
 54992 | Depths:4 | Found a shimmering altar of Xom.
 55267 | Depths:4 | Found a gate to the Realm of Zot.
 55734 | Slime:1  | Entered Level 1 of the Pits of Slime
 55837 | Slime:1  | Gained mutation: You are occasionally teleported next to
                  | monsters. [a shining eye]
 55839 | Slime:1  | Gained mutation: Your magical capacity is low. (-10% MP) [a
                  | shining eye]
 56296 | Slime:2  | Gained mutation: You are dopey. (Int -2) [a shining eye]
 58081 | Slime:5  | Entered Level 5 of the Pits of Slime
 58140 | Slime:5  | Gained mutation: Armour fits poorly on your strangely
                  | shaped body. [a shining eye]
 58371 | Slime:5  | Gained mutation: You occasionally shout uncontrollably at
                  | your foes. [a shining eye]
 58689 | Slime:5  | Noticed the Royal Jelly
 58705 | Slime:5  | Killed the Royal Jelly
 58706 | Slime:5  | Reached skill level 10 in Dodging
 58723 | Slime:5  | Identified the staff of the Demagogue {rF- rC+ Will+ Int+3
                  | Tloc Ice}
 58752 | Slime:5  | Reached XP level 27. HP: 163/193 MP: 13/35
 58759 | Slime:5  | Identified the scarf of the Bedazzled God {repulsion,
                  | *Corrode rN+ Regen+ Dex+4}
 58796 | Slime:5  | Identified the ring of Giczy {+Blink rF+ MP-9 AC+4 SInv}
 59005 | Slime:5  | Identified the +9 quarterstaff "Lejateij" {protect, Int+3}
 59007 | Slime:5  | Identified the +1 scale mail of the Bedazzling Gods {rPois
                  | rC+ Str+7 Int-3}
 59008 | Slime:5  | Identified the ring "Vitimm" {Wiz *Corrode rF+ Will+}
 59086 | Slime:5  | Identified the ring of Kucoliw {rCorr AC+4}
 59326 | Slime:5  | Got a slimy rune of Zot
 59709 | Hell     | Entered the Vestibule of Hell
 59709 | Hell     | Noticed Geryon
 59779 | Hell     | Reached skill level 15 in Shields
 59862 | Hell     | Killed Geryon
 59917 | Hell     | Found a gateway to the freezing wastes of Cocytus.
 60055 | Hell     | Found a gateway to the decaying netherworld of Tartarus.
 60148 | Hell     | Found a gateway to the ashen valley of Gehenna.
 60269 | Hell     | Found a gateway to the Iron City of Dis.
 60391 | Tar:1    | Entered Level 1 of Tartarus
 60462 | Dis:1    | Entered Level 1 of the Iron City of Dis
 60728 | Dis:2    | Noticed an ancient lich
 60730 | Dis:2    | Killed an ancient lich
 60926 | Dis:3    | You are sucked into a shaft and drop 1 floor!
 61113 | Dis:4    | Lost mutation: You occasionally shout uncontrollably at
                  | your foes. [potion of mutation]
 61113 | Dis:4    | Lost mutation: You are occasionally teleported next to
                  | monsters. [potion of mutation]
 61114 | Dis:4    | Lost mutation: Your magical capacity is low. (-10% MP)
                  | [potion of mutation]
 61114 | Dis:4    | Lost mutation: Armour fits poorly on your strangely shaped
                  | body. [potion of mutation]
 61114 | Dis:4    | Gained mutation: You expend magic power (3 MP) to
                  | strengthen your wands. [potion of mutation]
 61114 | Dis:4    | Gained mutation: You sometimes lose your temper in combat.
                  | [potion of mutation]
 61114 | Dis:4    | Gained mutation: You are agile. (Dex +4, Str/Int -1)
                  | [potion of mutation]
 61115 | Dis:4    | Lost mutation: You sometimes lose your temper in combat.
                  | [potion of mutation]
 61115 | Dis:4    | Lost mutation: You expend magic power (3 MP) to strengthen
                  | your wands. [potion of mutation]
 61115 | Dis:4    | Gained mutation: You passively map a small area around you.
                  | [potion of mutation]
 61115 | Dis:4    | Gained mutation: You are strong-willed. (Will+) [potion of
                  | mutation]
 61355 | Dis:6    | Noticed a juggernaut
 61357 | Dis:6    | Noticed a dread lich
 61358 | Dis:6    | Killed a dread lich
 61359 | Dis:6    | Killed a juggernaut
 61471 | Dis:6    | Noticed an ancient lich
 61484 | Dis:6    | Killed an ancient lich
 61619 | Dis:6    | Noticed a dread lich
 61625 | Dis:6    | Killed a dread lich
 61857 | Dis:7    | Entered Level 7 of the Iron City of Dis
 62299 | Dis:7    | Noticed the Serpent of Hell
 62305 | Dis:7    | Killed the Serpent of Hell
 62348 | Dis:7    | Reached skill level 15 in Armour
 63015 | Dis:7    | Found the +6 Majin-Bo {spellvamp, MP+6 Int+6}
 63055 | Dis:7    | Identified the +1 sling of Revolt {drain, rF+ rN+}
 63198 | Dis:7    | Got Uddecell's Last Papyrus of the Luminary
 63220 | Dis:7    | Identified the +7 spear "Hyofoom" {freeze, rC+ rCorr Dex+4}
 63245 | Dis:7    | Identified the ring "Ziuwk" {rF+ rC- Int+6}
 63406 | Dis:7    | Noticed Dispater
 63411 | Dis:7    | Reached skill level 15 in Spellcasting
 63545 | Dis:7    | Killed Dispater
 63630 | Dis:7    | Got an iron rune of Zot
 63632 | Dis:7    | Got Ypoutekao's Incunabulum of Hoarfrost
 63832 | Dis:7    | Identified the +3 halberd of Naohekk {flame, rF+ Str-5
                  | Dex+3 Stlth+}
 63834 | Dis:7    | Identified the +1 robe of Lies {Int+6}
 64016 | Hell     | Learned a level 9 spell: Polar Vortex
 64056 | Coc:1    | Entered Level 1 of Cocytus
 64057 | Coc:1    | Paralysed by a wendigo for 1 turns
 64059 | Coc:1    | Reached skill level 1 in Ice Magic
 64802 | Coc:3    | Reached skill level 5 in Ice Magic
 65675 | Coc:6    | Reached skill level 10 in Ice Magic
 66087 | Coc:7    | Entered Level 7 of Cocytus
 66102 | Coc:7    | Noticed an ancient lich
 66292 | Coc:7    | Killed an ancient lich
 66393 | Coc:7    | Paralysed by a wendigo for 1 turns
 66928 | Coc:7    | Reached skill level 15 in Ice Magic
 67055 | Coc:7    | Found the ring of the Hare {EV+10}
 67078 | Coc:7    | Identified the +0 chain mail of the Fiend {*Slow rN+ SInv}
 67092 | Coc:7    | Identified the amulet of Xom's Wantonness {Spirit rElec
                  | Str+2}
 67669 | Coc:7    | Noticed Antaeus
 67971 | Coc:7    | Killed Antaeus
 68104 | Coc:7    | Got an icy rune of Zot
 70002 | Tar:5    | Upgraded the game from 0.32-a0-171-g4625e66871 to
                  | 0.32-a0-290-g598725c5f2
 70361 | Tar:6    | Noticed an ancient lich
 70371 | Tar:6    | Killed an ancient lich
 70700 | Tar:7    | Entered Level 7 of Tartarus
 71850 | Tar:7    | Noticed Ereshkigal
 72598 | Tar:7    | Identified the +3 shortbow "Anujoynoag" {drain, rC+++ rN++
                  | Str-5 Int-4}
 72600 | Tar:7    | Identified the amulet of Propriety {RegenMP MP+9}
 72613 | Tar:7    | Identified the +4 ring mail "Cuocirr" {-Tele rPois rF+
                  | Int+5}
 72641 | Tar:7    | Identified the ring of Yesterday {Fly rPois rC++ Int+2}
 72655 | Tar:7    | Paralysed by Ereshkigal for 2 turns
 72767 | Tar:7    | Learned a level 9 spell: Fire Storm
 73748 | Tar:7    | Found the +6 arbalest "Damnation" {damnation}
 73855 | Tar:7    | Killed Ereshkigal
 73965 | Tar:7    | Identified the +0 leather armour of Jeifonne {Str+2}
 73974 | Tar:7    | Got a bone rune of Zot
 74420 | Geh:1    | Entered Level 1 of Gehenna
 75906 | Geh:7    | Entered Level 7 of Gehenna
 77041 | Geh:7    | Identified the +1 robe of Instinct {rN+ Dex+3}
 77482 | Geh:7    | Found the +13 sceptre of Asmodeus
 77482 | Geh:7    | Noticed Asmodeus
 77572 | Geh:7    | Killed Asmodeus
 77860 | Geh:7    | Got an obsidian rune of Zot
 78148 | Depths:4 | Voluntarily entered the Abyss.
 78162 | Abyss:1  | Found a corrupted altar of Lugonu.
 78189 | Abyss:1  | Identified the +2 plate armour of Relativism {rElec Dex+7
                  | Stlth+}
 78632 | Abyss:1  | Found a corrupted altar of Lugonu.
 78647 | Abyss:1  | Found a corrupted altar of Lugonu.
 80099 | Abyss:1  | Found a corrupted altar of Lugonu.
 80192 | Abyss:1  | Found a corrupted altar of Lugonu.
 80305 | Abyss:1  | Gained mutation: Your spells are much easier to cast, but
                  | much less powerful. [a shining eye]
 80639 | Abyss:1  | Noticed a dread lich
 80640 | Abyss:1  | Paralysed by a dread lich for 2 turns
 80646 | Abyss:1  | Killed a dread lich
 80703 | Abyss:1  | Found a corrupted altar of Lugonu.
 80811 | Abyss:1  | Gained mutation: Armour fits poorly on your strangely
                  | shaped body. [a neqoxec]
 80820 | Abyss:1  | Found a corrupted altar of Lugonu.
 81019 | Abyss:1  | Paralysed by accursed screaming for 2 turns
 81242 | Abyss:1  | Found a corrupted altar of Lugonu.
 81250 | Abyss:1  | Found a corrupted altar of Lugonu.
 81250 | Abyss:1  | Found a corrupted altar of Lugonu.
 81405 | Abyss:4  | Paralysed by accursed screaming for 1 turns
 81536 | Abyss:4  | Found a corrupted altar of Lugonu.
 81574 | Abyss:4  | Lost mutation: You are dopey. (Int -2) [a cacodemon]
 81575 | Abyss:4  | Gained mutation: Your spells are easier to cast, but less
                  | powerful. [a cacodemon]
 81577 | Abyss:4  | Gained mutation: You are frail. (-10% HP) [a cacodemon]
 81667 | Abyss:4  | Found a corrupted altar of Lugonu.
 81680 | Abyss:5  | Found a corrupted altar of Lugonu.
 81708 | Abyss:5  | Found a corrupted altar of Lugonu.
 81728 | Abyss:5  | Got an abyssal rune of Zot
 81754 | Depths:4 | Escaped the Abyss
 81834 | Depths:4 | Lost mutation: Armour fits poorly on your strangely shaped
                  | body. [potion of mutation]
 81834 | Depths:4 | Lost mutation: You are agile. (Dex +4, Str/Int -1) [potion
                  | of mutation]
 81834 | Depths:4 | Lost mutation: You are strong-willed. (Will+) [potion of
                  | mutation]
 81834 | Depths:4 | Gained mutation: You are occasionally teleported next to
                  | monsters. [potion of mutation]
 81834 | Depths:4 | Gained mutation: Your magical capacity is low. (-10% MP)
                  | [potion of mutation]
 81834 | Depths:4 | Gained mutation: Your movements are slightly less
                  | encumbered by armour. (ER -2) [potion of mutation]
 81834 | Depths:4 | Gained mutation: You are partially covered in iridescent
                  | scales. (AC +2) [potion of mutation]
 81835 | Depths:4 | Lost mutation: Your spells are easier to cast, but less
                  | powerful. [potion of mutation]
 81835 | Depths:4 | Lost mutation: Your magical capacity is low. (-10% MP)
                  | [potion of mutation]
 81836 | Depths:4 | Lost mutation: You are occasionally teleported next to
                  | monsters. [potion of mutation]
 81836 | Depths:4 | Lost mutation: You passively map a small area around you.
                  | [potion of mutation]
 81836 | Depths:4 | Lost mutation: You are partially covered in iridescent
                  | scales. (AC +2) [potion of mutation]
 81837 | Depths:4 | Lost mutation: Your movements are slightly less encumbered
                  | by armour. (ER -2) [potion of mutation]
 81837 | Depths:4 | Lost mutation: Your spells are a little easier to cast, but
                  | a little less powerful. [potion of mutation]
 81837 | Depths:4 | Lost mutation: You are frail. (-10% HP) [potion of
                  | mutation]
 81837 | Depths:4 | Gained mutation: You have sharp fingernails. [potion of
                  | mutation]
 81837 | Depths:4 | Gained mutation: Your mind is acute. (Int +4, Str/Dex -1)
                  | [potion of mutation]
 82204 | Tomb:1   | Entered Level 1 of the Tomb of the Ancients
 82328 | Tomb:1   | Paralysed by a sphinx for 5 turns
 82510 | Tomb:1   | Noticed a royal mummy
 82514 | Tomb:1   | Killed a royal mummy
 82717 | Tomb:1   | Noticed a royal mummy
 82721 | Tomb:1   | Killed a royal mummy
 83155 | Tomb:1   | Noticed a royal mummy
 83173 | Tomb:1   | Killed a royal mummy
 83627 | Tomb:2   | Noticed a royal mummy
 83627 | Tomb:2   | Noticed a royal mummy
 83628 | Tomb:2   | Noticed a royal mummy
 83632 | Tomb:2   | Noticed a royal mummy
 83639 | Tomb:2   | Killed a royal mummy
 83640 | Tomb:2   | Killed a royal mummy
 83640 | Tomb:2   | HP: 9/196 [??? (1)]
 83641 | Tomb:2   | HP: 1/196 [royal mummy/divine providence (13)]
 83641 | Tomb:2   | Mangled by a bennu

Illustrated notes

Levels and vault maps discovered:
D:1:      orjb1_clovarrival, layout_loops_corners, minmay_hedge_maze,
          serial_bayou_pond_b
D:2:      layout_loops_corners
D:3:      layout_loops_cross, dreamdust_divine_triumvirate,
          amcnicky_altar_gilded, hellmonk_ecumenical_altar_pennies_from_heaven,
          serial_bayou_crossing
D:4:      layout_rooms, serial_shops, nicolae_shop_window_shopping
D:5:      layout_basic
D:6:      layout_basic, minmay_temple_entry_junction, lexackson_kobold_supper
D:7:      layout_cave_pools, makhleb_altar_promises_db,
          minmay_overflow_temple_star_quad, chequers_ossuary_entry_cave,
          nicolae_elemental_shop, st_stairs_14, hex_tiny, uniq_duvessa,
          uniq_maurice, uniq_joseph
D:8:      layout_cave_pools, hangedman_decor_points, uniq_erica
D:9:      layout_basic, eat_drink_and_be_merry_uskayaw
D:10:     layout_basic, amethyst_overflow_temple_binary, hangedman_incinerator
D:11:     layout_grid_maze, david_lair_generic, gauntlet_entry_generic,
          minmay_holes, nzn_hepliaklqana_mist_gate
D:12:     layout_rooms, david_orc_2, serial_co_window_serial, co_window_paths_b,
          co_window_of_opportunity_a, co_window_paths_a, co_window_paths_b,
          co_window_corner_a, co_window_corner_cb, co_window_corner_cb,
          co_window_paths_c, co_window_paths_c, co_window_broadway_c,
          co_window_corner_ca, co_window_unsneaky_path_e, glass_columns_c,
          glass_columns_a, glass_columns_c, glass_columns_a, billiards_dpeg
D:13:     layout_loops_ring, grunt_decor_one_mirror, uniq_urug
D:14:     layout_loops_ring, skrybe_vaults_entry_preservation,
          kennysheep_flooded_box
D:15:     hangedman_depths_entry_try_elsewhere_first, layout_stronghold,
          led_sif_pool, minivault_20, nicolae_ru_great_annihilating_truth
Temple:   hellmonk_temple_of_storms
Lair:1:   layout_loops_ring, minivault_19
Lair:2:   layout_hall_layers, minmay_shoals_entry_beasts, dummy_snake_entry,
          serial_bayou, serial_bayou_pond_a, serial_bayou_pond_d,
          serial_bayou_lagoon_b, serial_bayou_shore_a
Lair:3:   layout_regular_city, minmay_lair_oklob_bushes
Lair:4:   layout_layer_cave, slime_entry_2, nicolae_lair_grazing_beasts
          [nicolae_sub_lair_graze_edge, nicolae_sub_lair_graze_edge,
          nicolae_sub_lair_graze_edge, nicolae_sub_lair_graze_edge],
          grunt_megastairs_2, uniq_snorg
Lair:5:   due_jungle_book, layout_misc_corridors, uniq_kirke
Shoals:1: layout_shoals, portal_ice_cave_entry_ice_simulacra, uniq_frances
Shoals:2: layout_shoals, serial_shops, shop
Shoals:3: layout_shoals, serial_shops, nicolae_shop_rolled_up,
          wheals_shoals_ruined_temple, uniq_ilsuiw
Shoals:4: shoals_end_hellmonk_lost_city
Snake:1:  layout_concentric_octagons, uniq_aizul, uniq_mlioglotl
Snake:2:  layout_onion, basic_altar, serial_shops, shop, grunt_ministairs_8
Snake:3:  layout_chambers, minmay_shoptagon
Snake:4:  johnstein_snake_rune_scales, layout_basic,
          gammafunk_ghost_abyssal_escape, nicolae_snake_springs
Slime:1:  cheibrodos_slime_lost_civilization_2, layout_caves
Slime:2:  layout_caves
Slime:3:  layout_caves
Slime:4:  layout_caves, nicolae_slime_getting_an_eyeful
Slime:5:  slime_pit_nicolae_inversion
Orc:1:    layout_caves, serial_shops, shop, nicolae_specific_store,
          bh_open_orc_temple
Orc:2:    st_orc_open, layout_caves, serial_shops, shop, hangedman_minor_magic
Elf:1:    elf_arrival_002, layout_gridlike, hangedman_elf_disciples,
          guppyfry_library_mini, grunt_megastairs_5
Elf:2:    elven_hall_of_blades_hangedman_alternative
          [nicolae_blade_entry_antechamber], layout_geoelf_grid, basic_altar,
          roderic_lattice_octagonal_star, uniq_asterion, uniq_agnes
Elf:3:    elf_hall_gauntlet_narrow, layout_loops_ring, uniq_roxanne
Vaults:1: nicolae_vaults_network_barrier, nicolae_vaults_wine_cellar,
          nicolae_vaults_tetromino_L_1, nicolae_vaults_steering_wheel,
          v_rooms_5, dpeg_vaults_monster_box, nicolae_vaults_heist,
          nicolae_vaults_tetromino_T_1, layout_vaults_maze, uniq_donald
Vaults:2: gammafunk_ghost_grave, minmay_crypt_entry_simple_walls,
          nicolae_vaults_diamond_2, nicolae_vaults_asterisk,
          vaults_standard_mumra_enter_the_diamond, vaults_dpeg_ring,
          nicolae_vaults_storage_closets_1, nicolae_vaults_little_squares_3,
          dpeg_vaults_monster_row, hangedman_vaults_slice, v_misc_13,
          nicolae_vaults_taking_the_gang_shopping, nicolae_vaults_apartment_2,
          v_misc_27, layout_vaults_omnicross
Vaults:3: v_alt_pattern_6, hangedman_vaults_maws, nicolae_vaults_sightless_eye,
          ontoclasm_vaults_bender, vaults_mumra_chevron_long, v_pattern_1,
          hangedman_vaults_slice, vaults_room_door_hall,
          ontoclasm_vaults_loading_screen, nicolae_vaults_trapezoid_1,
          nicolae_vaults_stand_back, nicolae_vaults_house_3,
          nicolae_vaults_layer_cake_slice, nicolae_vaults_tetromino_L_1,
          nicolae_vaults_double_plus_1, layout_vaults_chaotic_city
Vaults:4: v_rooms_3, v_rooms_4, serial_library_hellmonk_open_cross, v_misc_5,
          grunt_vaults_diagonal, nicolae_vaults_trapezoid_2,
          nicolae_vaults_turnstiles, hangedman_vaults_snaps,
          nicolae_vaults_network_s, layout_vaults_omnigrid
Vaults:5
Crypt:1:  lemuel_vampire_tower, layout_misc_corridors, glass_columns_c,
          grunt_crypt_arrival_webbed
Crypt:2:  layout_chaotic_city, uniq_grunn
Crypt:3:  quadcrypt_mu, uniq_xtahua
Tomb:1
Tomb:2
Depths:1: layout_forbidden_donut, hell_entry,
          nicolae_dithmenos_through_a_glass_darkly, nicolae_gozag_seed_capital,
          serial_bayou_shore_b, hangedman_decor_cross_pass
Depths:2: minmay_crescents, layout_cave_pools, zin_angel, hell_entry, pan_entry
Depths:3: nicolae_BIG_FREAKIN_CUBE, layout_long_grid, enter_ziggurat_c,
          abyss_entry, grunt_hell_entry_dis_old, minmay_staircase_bubble,
          firewood_loft, uniq_frederick
Depths:4: grunt_zot_entry_tricorne, layout_basic, serial_shops,
          nicolae_shop_real_fake_doors, hell_entry, lemuel_doored_altar,
          abyss_entry
Hell
Dis:1:    layout_regular_city
Dis:2:    layout_subdivisions
Dis:3:    layout_gridville, nicolae_dis_spooky_hallway
Dis:4:    layout_gridville, nicolae_hells_fiendish_ambush
Dis:5:    layout_gridville
Dis:6:    hangedman_iron_city_apartments
Dis:7:    iron_city_of_dis [dis_mu, dis_wall_6], layout_gridville,
          nicolae_dis_scattering
Geh:1:    layout_gehenna_pools_basic
Geh:2:    layout_gehenna_lava_caves
Geh:3:    layout_gehenna_pools_triple, minmay_fire_ice_demons
Geh:4:    layout_gehenna_lava_caves
Geh:5:    layout_gehenna_lava_caves
Geh:6:    hangedman_generic_boss_arena
Geh:7:    geh_hangedman
Coc:1:    layout_cocytus_delve, nicolae_coc_icebean_singular
          [nicolae_sub_coc_subbean]
Coc:2:    layout_ice_bergs
Coc:3:    layout_ice_bergs
Coc:4:    layout_cocytus_delve
Coc:5:    layout_cocytus_water_paths
Coc:6:    layout_ice_bergs
Coc:7:    coc_grunt
Tar:1:    layout_cathedral_of_symmetry
Tar:2:    layout_cathedral_of_symmetry
Tar:3:    layout_honeycomb
Tar:4:    nicolae_hells_demon_pit, layout_cathedral_of_symmetry
Tar:5:    layout_grid_maze, nicolae_tar_cuneiform_city
Tar:6:    layout_catacombs
Tar:7:    tar_minmay_river

Skill      XL: |  1  2  3  4  5  6  7  8  9 10 11 12 13 14 15 16 17 18 19 20 21 22 23 24 25 26 27 |
---------------+----------------------------------------------------------------------------------+-----
Earth Magic    | 4 5 6 7 8 9 10 12 13 15 16 17 18 19 23 26 | 26.0
Conjurations   | 2 3 4 5 6 8 9 10 12 13 14 15 16 17 23 | 23.7
Spellcasting   | 3 4 5 7 9 10 11 12 19 | 19.9
Fighting       | 1 2 4 5 6 7 9 10 12 13 14 15 16 17 19 21 23 25 26 | 26.0
Armour         | 2 4 6 7 8 10 12 16 | 16.0
Dodging        | 2 3 5 6 7 8 10 13 | 13.0
Shields        | 1 3 4 6 8 10 12 13 14 18 | 18.0
Fire Magic     | 3 9 13 16 18 19 20 23 | 23.8
Ice Magic      | 23 | 23.2
Stealth        | |  2.1

Action                     |  1- 3 |  4- 6 |  7- 9 | 10-12 | 13-15 | 16-18 | 19-21 | 22-24 | 25-27 || total
---------------------------+-------+-------+-------+-------+-------+-------+-------+-------+-------++-------
  Melee: Short sword       |    12 |       |       |       |       |       |       |       |       ||    12
         Falchion          |       |     3 |    47 |     5 |    30 |    37 |    29 |    43 |   197 ||   391
         Unarmed           |       |       |       |       |     8 |       |       |       |       ||     8
   Cast: Sandblast         |    52 |    55 |    38 |     8 |    55 |    42 |    16 |    34 |    55 ||   355
         Stone Arrow       |       |     2 |   118 |   327 |   394 |   663 |   643 |   275 |  1427 ||  3849
         Bombard           |       |       |       |     9 |   251 |   144 |    12 |    29 |   351 ||   796
         Iskenderun's Batt |       |       |       |       |       |    24 |    63 |    44 |   175 ||   306
         Orb of Destructio |       |       |       |       |       |     1 |     3 |    24 |   194 ||   222
         Shatter           |       |       |       |       |       |       |   153 |   280 |   530 ||   963
         Ignition          |       |       |       |       |       |       |       |     2 |   140 ||   142
         Fire Storm        |       |       |       |       |       |       |       |       |    88 ||    88
         Polar Vortex      |       |       |       |       |       |       |       |       |    60 ||    60
  Evoke: Wand              |       |       |       |       |       |       |       |     2 |    16 ||    18
         Lightning rod     |       |       |       |       |       |       |       |       |     3 ||     3
    Use: Scroll            |       |       |     6 |     7 |    13 |    13 |     1 |     5 |    19 ||    64
         Potion            |       |       |       |     6 |     3 |     1 |       |     9 |    20 ||    39
   Stab: Sleeping          |       |       |       |       |       |       |       |     1 |       ||     1
 Armour: Robe              |    12 |    17 |    95 |    96 |    42 |       |       |       |       ||   262
         Troll leather arm |       |       |       |       |   289 |   372 |   381 |   353 |   110 ||  1505
         Fire dragon scale |       |       |       |       |       |       |       |       |  1343 ||  1343
  Dodge: Dodged            |    17 |    11 |    77 |    92 |   193 |   153 |   157 |   114 |   626 ||  1440
         Repelled          |       |       |       |       |       |       |       |       |    58 ||    58
  Block: Buckler           |       |       |    19 |    17 |       |       |       |       |       ||    36
         Kite shield       |       |       |       |    16 |   194 |   219 |   263 |   183 |  1094 ||  1969

Table legend: (Time is in decaauts)
 A = Elapsed time spent in this place.
 B = Non-inter-level travel time spent in this place.
 C = Inter-level travel time spent in this place.
 D = Time resting spent in this place.
 E = Time spent auto-exploring this place.
 F = Levels seen in this place.
 G = Mean time per level.
                   A        B        C        D        E       F      G
               +--------+--------+--------+--------+--------+-----+--------+
         Total |  84226 |  78087 |   6139 |   3264 |  57855 |  91 |  925.6 |
       Dungeon |  14590 |  13210 |   1380 |    239 |  10829 |  15 |  972.7 |
        Temple |     22 |      2 |     20 |      0 |      0 |   1 |   22.0 |
          Lair |   7214 |   6356 |    858 |    119 |   5138 |   5 | 1442.8 |
        Shoals |   4264 |   3966 |    298 |    121 |   3054 |   4 | 1066.0 |
     Snake Pit |   6454 |   6339 |    115 |    210 |   4874 |   4 | 1613.5 |
    Slime Pits |   3492 |   3157 |    335 |    379 |   2164 |   5 |  698.4 |
  Orcish Mines |   1928 |   1727 |    201 |    158 |   1100 |   2 |  964.0 |
   Elven Halls |   3776 |   3557 |    219 |    114 |   2773 |   3 | 1258.7 |
        Vaults |   7845 |   7207 |    638 |    480 |   5367 |   5 | 1569.0 |
         Crypt |   4492 |   4173 |    319 |     56 |   3119 |   3 | 1497.3 |
          Tomb |   1483 |   1418 |     65 |      0 |   1006 |   2 |  741.5 |
        Depths |   5181 |   4650 |    531 |    570 |   3232 |   4 | 1295.2 |
          Hell |   1208 |   1101 |    107 |    403 |    432 |   1 | 1208.0 |
           Dis |   3491 |   3342 |    149 |    213 |   2287 |   7 |  498.7 |
       Gehenna |   3523 |   3322 |    201 |     43 |   2430 |   7 |  503.3 |
       Cocytus |   4037 |   3834 |    203 |     11 |   2875 |   7 |  576.7 |
      Tartarus |   5907 |   5413 |    494 |    148 |   3868 |   7 |  843.9 |
         Abyss |   3650 |   3650 |      0 |      0 |   2179 |   6 |  608.3 |
       Ossuary |    311 |    311 |      0 |      0 |    237 |   1 |  311.0 |
      Ice Cave |    595 |    595 |      0 |      0 |    370 |   1 |  595.0 |
      Gauntlet |    753 |    753 |      0 |      0 |    517 |   1 |  753.0 |
               +--------+--------+--------+--------+--------+-----+--------+

Top non-repeatable levels by time:
   Tar:7: 3638 daAuts
 Abyss:1: 3155 daAuts
 Snake:4: 2543 daAuts
   Dis:7: 2150 daAuts
Vaults:2: 2119 daAuts
   Coc:7: 2111 daAuts
   Geh:7: 2009 daAuts
 Crypt:3: 1894 daAuts
  Lair:5: 1875 daAuts
  Lair:4: 1849 daAuts
 Snake:3: 1724 daAuts
Depths:4: 1703 daAuts
Vaults:5: 1686 daAuts
 Crypt:1: 1641 daAuts
    D:15: 1489 daAuts
